2002 views
Uploaded 2023-06-24 19:58:48
Game version 1.36 (6115)
9:57 long 2on2 ladder game on (4)TurtleRock_S2
Saved by Adventurer
2002 views
Uploaded 2023-06-24 19:58:48
Game version 1.36 (6115)
9:57 long 2on2 ladder game on (4)TurtleRock_S2


/ 0.4k
21 buildings @ 2.4k
/ 0.7k

| Peon | 9 | 675 | / | 0 |
| Peasant | 6 | 450 | / | 0 |
| Rifleman | 14 | 2870 | / | 420 |
| total: | 29 | 3995g | / | 420w |
| Altar of Storms | 1 | 180 | / | 50 |
| Orc Burrow | 1 | 160 | / | 40 |
| Voodoo Lounge | 1 | 130 | / | 30 |
| Farm | 11 | 880 | / | 220 |
| Blacksmith | 1 | 140 | / | 60 |
| Barracks | 2 | 320 | / | 120 |
| Arcane Vault | 1 | 130 | / | 30 |
| Keep | 1 | 320 | / | 210 |
| total: | 18 | 1940g | / | 550w |
| 0:03 | Peon |
| 0:03 | Peon |
| 0:14 | Altar of Storms |
| 0:17 | Orc Burrow |
| 0:25 | Peon |
| 0:35 | Peasant |
| 0:43 | Peasant |
| 0:45 | Peon |
| 0:51 | Peasant |
| 1:04 | Peasant |
| 1:06 | Peon |
| 1:06 | Peon |
| 1:06 | Peon |
| 1:10 | Farm |
| 1:23 | Blacksmith |
| 1:28 | Peon |
| 1:34 | Barracks |
| 1:36 | Farm |
| 1:38 | Peasant |
| 1:40 | Peon |
| 1:52 | Peasant |
| 1:58 | Barracks |
| 2:00 | Farm |
| 2:02 | Farm |
| 2:14 | Farm |
| 2:32 | Rifleman |
| 2:38 | Rifleman |
| 2:43 | Rifleman |
| 2:46 | Black Gunpowder |
| 2:48 | Studded Leather Armor |
| 2:53 | Rifleman |
| 2:57 | Endurance Aura |
| 3:01 | Holy Light |
| 3:02 | Rifleman |
| 3:10 | Rifleman |
| 3:29 | Rifleman |
| 3:34 | Farm |
| 4:18 | Rifleman |
| 4:23 | Rifleman |
| 4:59 | Rifleman |
| 5:02 | Farm |
| 5:05 | Keep |
| 5:06 | Farm |
| 5:40 | War Stomp |
| 5:52 | Farm |
| 5:53 | Farm |
| 5:56 | Rifleman |
| 6:05 | Divine Shield |
| 6:21 | Arcane Vault |
| 6:47 | Farm |
| 7:27 | Long Rifles |
| 7:30 | Holy Light |
| 7:40 | Endurance Aura |
| 7:52 | Rifleman |
| 8:14 | Refined Gunpowder |
| 8:14 | Reinforced Leather Armor |
| 8:15 | Rifleman |
| 8:56 | Devotion Aura |
| 9:14 | War Stomp |
| 9:18 | Voodoo Lounge |
| 9:23 | Rifleman |
| 9:44 | Endurance Aura |
| Right click | 495 |
| Select | 341 |
| Resource trade | 87 |
| Build/train/purchase | 55 |
| Select group | 46 |
| Use ability | 13 |
| Misc. action | 9 |
| Assign group | 8 |
| Item give/drop | 1 |
| Remove unit | 1 |
| Peasant | 3 | 225 | / | 0 |
| total: | 3 | 225g | / | 0w |
| Altar of Kings | 1 | 180 | / | 50 |
| Farm | 1 | 80 | / | 20 |
| Barracks | 1 | 160 | / | 60 |
| total: | 3 | 420g | / | 130w |
| 0:02 | Peasant |
| 0:07 | Altar of Kings |
| 0:09 | Peasant |
| 0:18 | Farm |
| 0:20 | Barracks |
| 0:26 | Peasant |
| Right click | 61 |
| Select | 9 |
| Assign group | 8 |
| Build/train/purchase | 3 |
| Select group | 1 |
48 units @ 7.3k
/ 0.8k
22 buildings @ 2.8k
/ 0.9k


| Healing Salve | 3 | 300 |
| Lesser Clarity Potion | 5 | 350 |
| Scroll of Speed | 1 | 50 |
| total: | 9 | 700g |
| Peon | 8 | 600 | / | 0 |
| Grunt | 3 | 600 | / | 0 |
| Shaman | 3 | 390 | / | 60 |
| Raider | 4 | 720 | / | 160 |
| total: | 18 | 2310g | / | 220w |
| Altar of Storms | 1 | 180 | / | 50 |
| Orc Burrow | 3 | 480 | / | 120 |
| Barracks | 2 | 360 | / | 100 |
| Voodoo Lounge | 1 | 130 | / | 30 |
| War Mill | 1 | 205 | / | 0 |
| Beastiary | 1 | 145 | / | 140 |
| Spirit Lodge | 1 | 150 | / | 150 |
| Stronghold | 1 | 315 | / | 190 |
| total: | 10 | 1650g | / | 590w |
| 0:01 | Peon |
| 0:02 | Peon |
| 0:06 | Altar of Storms |
| 0:18 | Orc Burrow |
| 0:22 | Peon |
| 0:36 | Barracks |
| 0:37 | Voodoo Lounge |
| 0:39 | Peon |
| 0:55 | Peon |
| 1:15 | Peon |
| 1:18 | Peon |
| 1:41 | Peon |
| 2:02 | Stronghold |
| 2:05 | Healing Salve |
| 2:05 | Lesser Clarity Potion |
| 2:05 | Scroll of Speed |
| 2:06 | Feral Spirit |
| 2:26 | Barracks |
| 2:49 | Orc Burrow |
| 3:29 | Grunt |
| 4:01 | Grunt |
| 4:26 | Beastiary |
| 4:28 | Spirit Lodge |
| 4:46 | Summon Lava Spawn |
| 5:40 | Shaman |
| 5:42 | Orc Burrow |
| 5:44 | War Mill |
| 5:54 | Lesser Clarity Potion |
| 5:54 | Lesser Clarity Potion |
| 5:55 | Healing Salve |
| 6:05 | Ensnare |
| 6:10 | Pillage |
| 6:26 | Shaman Adept Training |
| 6:39 | Raider |
| 6:40 | Shaman |
| 6:46 | Chain Lighting |
| 6:51 | Berserker Strength |
| 7:05 | Grunt |
| 7:09 | Lesser Clarity Potion |
| 7:53 | Raider |
| 7:58 | Healing Salve |
| 7:58 | Lesser Clarity Potion |
| 8:07 | Raider |
| 8:32 | Shaman |
| 8:33 | Raider |
| Right click | 723 |
| Select group | 392 |
| Select | 241 |
| Misc. action | 85 |
| Build/train/purchase | 62 |
| Assign group | 26 |
| Use ability | 26 |
| Chat | 6 |
| Minimap ping | 3 |

| Scroll of Regeneration | 1 | 100 |
| Lesser Clarity Potion | 1 | 70 |
| total: | 2 | 170g |
| Peasant | 8 | 600 | / | 0 |
| Rifleman | 21 | 4305 | / | 630 |
| Footman | 1 | 135 | / | 0 |
| total: | 30 | 5040g | / | 630w |
| Scout Tower | 2 | 60 | / | 40 |
| Arcane Tower | 1 | 70 | / | 50 |
| Farm | 5 | 400 | / | 100 |
| Altar of Kings | 1 | 180 | / | 50 |
| Blacksmith | 1 | 140 | / | 60 |
| Barracks | 1 | 160 | / | 60 |
| Arcane Vault | 1 | 130 | / | 30 |
| Lumber Mill | 1 | 120 | / | 0 |
| Keep | 1 | 320 | / | 210 |
| total: | 12 | 1190g | / | 340w |
| 0:02 | Peasant |
| 0:02 | Peasant |
| 0:14 | Farm |
| 0:16 | Altar of Kings |
| 0:22 | Peasant |
| 0:41 | Blacksmith |
| 0:47 | Peasant |
| 0:48 | Barracks |
| 0:55 | Peasant |
| 1:07 | Peasant |
| 1:21 | Peasant |
| 1:30 | Farm |
| 1:49 | Scout Tower |
| 2:02 | Rifleman |
| 2:02 | Rifleman |
| 2:02 | Rifleman |
| 2:02 | Rifleman |
| 2:02 | Rifleman |
| 2:02 | Rifleman |
| 2:05 | Peasant |
| 2:14 | Holy Light |
| 2:20 | Farm |
| 2:22 | Arcane Tower |
| 2:32 | Rifleman |
| 2:48 | Black Gunpowder |
| 2:58 | Rifleman |
| 3:20 | Rifleman |
| 3:39 | Rifleman |
| 3:53 | Arcane Vault |
| 4:13 | Rifleman |
| 4:21 | Farm |
| 5:00 | Keep |
| 5:11 | Rifleman |
| 5:35 | Scroll of Regeneration |
| 5:35 | Lesser Clarity Potion |
| 5:44 | Rifleman |
| 5:49 | Scout Tower |
| 6:06 | Rifleman |
| 6:21 | Lumber Mill |
| 6:29 | Devotion Aura |
| 6:38 | Rifleman |
| 6:38 | Rifleman |
| 6:45 | Farm |
| 7:07 | Rifleman |
| 7:45 | Rifleman |
| 7:54 | Rifleman |
| 8:40 | Rifleman |
| 8:59 | Refined Gunpowder |
| 9:31 | Footman |
| 9:32 | Rifleman |
| Right click | 838 |
| Select | 292 |
| Misc. action | 117 |
| Select group | 68 |
| Build/train/purchase | 45 |
| Assign group | 19 |
| Use ability | 12 |
| Chat | 12 |
| Remove unit | 2 |
⇛